 Dungeon Crawl Stone Soup version 0.27.1-4-g1640c2035a (webtiles) character file.

Game seed: 9560364790137556674

56 styxcanada the Sneak (level 3, -1/18 HPs)
             Began as a Spriggan Brigand on Nov 15, 2021.
             Killed by nerve-wracking pain
             ... invoked by Jessica
              (13 damage)
             ... on level 2 of the Dungeon.
             The game lasted 00:04:52 (2164 turns).

styxcanada the Sneak (Spriggan Brigand)             Turns: 2164, Time: 00:04:53

Health: -1/18      AC:  3    Str:  7    XL:     3   Next: 71%
Magic:  4/4        EV: 16    Int: 12    God:
Gold:   55         SH:  5    Dex: 17    Spells: 2/2 levels left

rFire    . . .     SeeInvis +   a - +2 dagger
rCold    . . .     Faith    .   k - +0 buckler
rNeg     . . .     Spirit   .   b - +0 robe
rPois    +         Reflect  .   (helmet restricted)
rElec    .         Harm     .   c - +0 cloak
rCorr    .         Rampage  .   (gloves unavailable)
Will     .....                  (boots unavailable)
Stlth    ++++......             (no amulet)
HPRegen  0.06/turn              h - ring of poison resistance
MPRegen  0.09/turn              (no ring)

@: very quick
A: very small, no large weapons, unfitting armour, see invisible, speed 3
a: no special abilities


You were on level 2 of the Dungeon.
You visited 1 branch of the dungeon, and saw 2 of its levels.

You collected 55 gold pieces.

Inventory:

Hand Weapons
 a - a +2 dagger (weapon)
 n - a +0 hunting sling
Missiles
 d - 4 poisoned darts (quivered)
 e - 2 curare-tipped darts
 l - 22 stones
 r - 2 silver boomerangs
Armour
 b - a +0 robe (worn)
 c - a +0 cloak (worn)
 k - a +0 buckler (worn)
Jewellery
 h - a ring of poison resistance (left hand)
Scrolls
 j - 2 scrolls of fear {unknown}
 o - 2 scrolls of magic mapping {unknown}
 p - a scroll of blinking {unknown}
 q - a scroll of amnesia {unknown}
 s - a scroll of enchant armour {unknown}
Potions
 f - a potion of degeneration {unknown}
 g - a potion of cancellation {unknown}
 i - a potion of curing {unknown}
 m - a potion of resistance {unknown}
 t - a potion of might {unknown}


   Skills:
 * Level 1.9 Fighting
 + Level 2.5 Short Blades
 + Level 2.1 Throwing
 * Level 2.2 Dodging
 * Level 7.1 Stealth
 * Level 0.2 Shields


You had 2 spell levels left.
You didn't know any spells.
Your spell library was empty.

Dungeon Overview and Level Annotations

Branches:
Dungeon (2/15)

Altars:

Annotations:
D:2 Jessica


Innate Abilities, Weirdness & Mutations

You are very small and have problems with some larger weapons.
You are too small for most types of armour.
You have supernaturally acute eyesight. (SInv)
You cover ground extremely quickly. (Speed+++)


Message History

You barely miss the kobold.
The kobold is heavily wounded.
The kobold misses you.
You hit the kobold.
You kill the kobold!
Things that are here:
a +0 short sword; a kobold corpse
Found a bubbling inky potion.
t - a bubbling inky potion Jessica the Apprentice Sorceress comes into view.
She is wielding a +0 dagger, wearing a +2 robe of the Archmagi and carrying a wand of digging (5).
Found a book of Transfigurations.
Jessica casts a spell.
Jessica blinks!
Jessica zaps a wand.
Some rock shatters into small pieces.
Throw: 8 darts (poison)
Press: ? - help, Q - select action, (/) - cycle Shift-Dir - straight line, f - Jessica
Aim: Jessica, wielding a +0 dagger, wearing a +2 robe of the Archmagi and carrying a wand of digging (4) (60% to hit)
You throw a poisoned dart.
The poisoned dart barely misses Jessica.
Throw: 7 darts (poison)
Press: ? - help, Q - select action, (/) - cycle Shift-Dir - straight line, f/p - Jessica
Aim: Jessica, wielding a +0 dagger, wearing a +2 robe of the Archmagi and carrying a wand of digging (4) (60% to hit)
You throw a poisoned dart.
The poisoned dart closely misses Jessica.
Jessica grins evilly.
Jessica gestures at you while chanting. Pain shoots through your body!
Throw: 6 darts (poison)
Press: ? - help, Q - select action, (/) - cycle Shift-Dir - straight line, f/p - Jessica
Aim: Jessica, wielding a +0 dagger, wearing a +2 robe of the Archmagi and carrying a wand of digging (4) (60% to hit)
You throw a poisoned dart. The poisoned dart hits Jessica.
Jessica is poisoned.
Throw: 5 darts (poison)
Press: ? - help, Q - select action, (/) - cycle Shift-Dir - straight line, f/p - Jessica
Aim: Jessica, wielding a +0 dagger, wearing a +2 robe of the Archmagi and carrying a wand of digging (4) (moderately wounded, poisoned, 60% to hit)
You throw a poisoned dart.
The poisoned dart barely misses Jessica.
Jessica points at you and mumbles some strange words.
Pain shoots through your body!
Ouch! That really hurt!
You die...

###.# #.
##.#.# #.
##....###
###.
#.......+ ..
+...
##....###.:..
###.
##......# #.
#.#.##.# #.
#.#.# # ##
#.#@#
#......#
#(@.....
#.##.#### #
#. #. . #


You could see Jessica (poisoned).

Vanquished Creatures
  An adder (D:2)
  3 dart slugs
  4 ball pythons
  2 bats (D:1)
  5 endoplasms
  A giant cockroach (D:1)
  4 goblins
  A hobgoblin (D:2)
  4 kobolds
  6 quokkas
  A frilled lizard (D:2)
  4 rats
36 creatures vanquished.

Notes
Turn   | Place    | Note
-------+----------+-------------------------------------------
     0 | D:1      | styxcanada the Spriggan Brigand began the quest for the
                  | Orb.
     0 | D:1      | Reached XP level 1. HP: 10/10 MP: 2/2
    73 | D:1      | Reached skill level 6 in Stealth
   186 | D:1      | Reached XP level 2. HP: 11/15 MP: 3/3
  1218 | D:2      | Reached XP level 3. HP: 18/18 MP: 4/4
  1483 | D:2      | Reached skill level 7 in Stealth
  2154 | D:2      | Noticed Jessica
  2164 | D:2      | Killed from afar by Jessica

Illustrated notes

Levels and vault maps discovered:
D:1:      dpeg_arrival_long_road, layout_basic
D:2:      layout_loops_corners, hangedman_decor_clover_reticule, uniq_jessica

Skill      XL: |  1  2  3 |
---------------+----------+-----
Stealth        | 6 7 |  7.1
Dodging        | 2 |  2.2
Fighting       | |  1.9
Short Blades   | |  2.5
Throwing       | |  2.1
Shields        | |  0.2

Action                   || total
-------------------------++-------
Melee: Dagger            ||    98
Throw: Dart              ||     7
 Stab: Sleeping          ||    16
Armor: Robe              ||     3
Dodge: Dodged            ||    49
Block: Buckler           ||    14
